 Dungeon Crawl Stone Soup version 0.26.0-16-gc1dbca0489 (webtiles) character file.

Game seed: 2693864793434187153

235 kaeus the Skirmisher (level 5, 0/42 HPs)
             Began as a Demonspawn Fighter on Jan 21, 2021.
             Was a Follower of Makhleb.
             Killed from afar by Natasha (2 damage)
             ... with a magic dart
             ... on level 3 of the Dungeon.
             The game lasted 00:03:02 (2810 turns).

kaeus the Skirmisher (Demonspawn Fighter)           Turns: 2810, Time: 00:03:03

Health: 0/42       AC:  6    Str: 17    XL:     5   Next: 76%
Magic:  6/6        EV:  7    Int: 12    God:    Makhleb [*.....]
Gold:   117        SH:  9    Dex: 12    Spells: 4/4 levels left

rFire    + . .     SeeInvis .   a - +0 war axe
rCold    x . .     Faith    .   c - +0 kite shield
rNeg     . . .     Spirit   .   b - +0 scale mail
rPois    .         Reflect  .   (no helmet)
rElec    .         Harm     .   (no cloak)
rCorr    .         Rampage  .   (no gloves)
Will     .....                  (no boots)
Stlth    ..........             (no amulet)
HPRegen  0.14/turn              m - ring of fire
MPRegen  0.10/turn              (no ring)

@: slowed, very slow
A: hooves 1, demonic guardian 1, big brain 1
a: Renounce Religion


You were on level 3 of the Dungeon.
You worshipped Makhleb.
Makhleb was aware of your devotion.
You visited 1 branch of the dungeon, and saw 3 of its levels.

You collected 117 gold pieces.

Inventory:

Hand Weapons
 a - a +0 war axe (weapon)
Armour
 b - a +0 scale mail (worn)
 c - a +0 kite shield (worn)
Jewellery
 m - a ring of fire (left hand)
Scrolls
 e - a scroll of magic mapping {unknown}
 f - 2 scrolls of identify {unknown}
 i - 3 scrolls of remove curse {unknown}
 k - a scroll of immolation {unknown}
Potions
 d - 2 potions of might
 g - a potion of curing
 h - a potion of heal wounds {unknown}
 j - a potion of lignification {unknown}
 l - a potion of mutation {unknown}
 n - a potion of ambrosia {unknown}
 o - a potion of invisibility {unknown}


   Skills:
 + Level 4.0 Fighting
 + Level 2.9 Axes
 + Level 3.6 Armour
 + Level 3.6 Shields
 + Level 2.5 Invocations


You had 4 spell levels left.
You didn't know any spells.
Your spell library was empty.

Dungeon Overview and Level Annotations

Branches:
Dungeon (3/15)

Altars:
Makhleb
Uskayaw
The Shining One

Annotations:
D:3 Natasha


Innate Abilities, Weirdness & Mutations

You have large cloven feet.
A weak demonic guardian rushes to your aid.
You have an unusually large brain. (Int +2)


Message History

You feel as though you will be slow longer.
You feel better. Natasha closely misses you. You block Natasha's attack.
You miss Natasha.
Natasha is almost dead.
Natasha stares at you and mumbles some strange words.
The magic dart hits you! You block Natasha's attack.
You hit Natasha.
Natasha is almost dead.
Natasha claws you.
* * * LOW HITPOINT WARNING * * *
The crimson imp laughs crazily.
Natasha stares at you and mumbles some strange words.
The magic dart hits you!
* * * LOW HITPOINT WARNING * * *
The crimson imp laughs crazily.
You barely miss Natasha. You kick Natasha, but do no damage.
Natasha is almost dead.
Natasha casts a spell at you. The magic dart hits you.
You die...

### ##...##
..##.....##
#.#.......##
###..........#
............+
...h......#
#)).....#
#####5†...#
#.5@h5...##
#5#####..# #.#
#..#
>##.###.#####..#
...........##..#
###.###.##.#<..##
#.##......######
#...............
#######.########


You could see Natasha, a crimson imp (summoned), a shadow imp (summoned) and 2
friendly quasits.

Vanquished Creatures
  4 adders (D:3)
  An ooze (D:2)
  4 worms
  A leopard gecko (D:1)
  5 orcs (D:3)
  2 giant cockroaches
  A goblin (D:1)
  4 hobgoblins (D:3)
  6 jackals (D:3)
  4 kobolds
  A quokka (D:3)
  2 ball pythons
  8 bats
  3 frilled lizards
  A giant cockroach zombie (D:3)
47 creatures vanquished.

Vanquished Creatures (collateral kills)
  Sigmund (D:3)
  A hound (D:2)
2 creatures vanquished.

Grand Total: 49 creatures vanquished

Notes
Turn   | Place    | Note
-------+----------+-------------------------------------------
     0 | D:1      | kaeus the Demonspawn Fighter began the quest for the Orb.
     0 | D:1      | Reached XP level 1. HP: 18/18 MP: 1/1
   768 | D:1      | Gained mutation: A weak demonic guardian rushes to your
                  | aid. [demonic ancestry]
   768 | D:1      | Reached XP level 2. HP: 24/24 MP: 2/2
   838 | D:2      | Found a burning altar of Makhleb.
   843 | D:2      | Gained mutation: You have large cloven feet. [demonic
                  | ancestry]
   843 | D:2      | Reached XP level 3. HP: 26/29 MP: 3/3
   848 | D:2      | Became a worshipper of Makhleb the Destroyer
  1293 | D:2      | Found a glowing golden altar of the Shining One.
  1622 | D:2      | Found a hide-covered altar of Uskayaw.
  1760 | D:3      | Reached skill level 1 in Invocations
  1845 | D:3      | Gained mutation: You have an unusually large brain. (Int
                  | +2) [demonic ancestry]
  1845 | D:3      | Reached XP level 4. HP: 20/35 MP: 4/4
  2079 | D:3      | Found a faded altar of an unknown god.
  2134 | D:3      | Noticed Sigmund
  2141 | D:3      | Killed Sigmund
  2142 | D:3      | Reached XP level 5. HP: 37/42 MP: 4/6
  2367 | D:3      | Reached * piety under Makhleb
  2633 | D:3      | Reached skill level 4 in Fighting
  2790 | D:3      | Noticed Natasha
  2805 | D:3      | HP: 2/42 [Natasha (8)]
  2810 | D:3      | Killed from afar by Natasha

Illustrated notes

Levels and vault maps discovered:
D:1:      giann_bridges, layout_loops_corners
D:2:      layout_basic, makhleb_blood_cavern_becter,
          eat_drink_and_be_merry_uskayaw, marbit_many_paths
D:3:      layout_loops_corners, chequers_ecumenical_altar_simple_redux,
          uniq_natasha, uniq_sigmund

Skill      XL: |  1  2  3  4  5 |
---------------+----------------+-----
Axes           | 2 |  2.9
Armour         | 3 |  3.6
Shields        | 3 |  3.6
Invocations    | 1 2 |  2.5
Fighting       | 4 |  4.0

Action                   |  1- 3 |  4- 6 || total
-------------------------+-------+-------++-------
Melee: War axe           |    74 |    77 ||   151
       Kick              |    16 |    21 ||    37
  Use: Potion            |       |     3 ||     3
Armor: Scale mail        |    47 |    33 ||    80
Dodge: Dodged            |    32 |    28 ||    60
Block: Kite shield       |    38 |    50 ||    88
